 Dungeon Crawl Stone Soup version 0.29-a0-553-g81b289dbe5 (webtiles) character file.

Game seed: 1690593352736106847

91 Armakuni the Charlatan (level 5, -5/40 HPs)
             Began as a Meteoran Wanderer on June 6, 2022.
             Slain by a river rat (6 damage)
             ... in a sewer.
             The game lasted 00:04:46 (1206 turns).

Armakuni the Charlatan (Meteoran Wanderer)          Turns: 1206, Time: 00:04:47

Health: -5/40      AC:  3    Str: 16    XL:     5   Next: 12%
Magic:  6/6        EV: 11    Int: 12    God:
Gold:   105        SH:  0    Dex: 14    Spells: 4/4 levels left

rFire   . . .      SeeInvis .   a - +4 long sword
rCold   . . .      Faith    .   (no shield)
rNeg    . . .      Spirit   .   e - +0 leather armour
rPois   .          Reflect  .   (no helmet)
rElec   .          Harm     .   (no cloak)
rCorr   .          Rampage  .   (no gloves)
Will    .....                   (no boots)
Stlth   +.........              (no amulet)
HPRegen 0.13/turn               (no ring)
MPRegen 0.10/turn               (no ring)

@: glowing
A: sense surroundings 1, otherworldly, glowing, explore regen
a: no special abilities


You were in a sewer.
You visited 1 branch of the dungeon, and saw 4 of its levels.
You also visited: Sewer.

You collected 105 gold pieces.

Inventory:

Hand Weapons
 a - a +4 long sword (weapon)
 l - a +2 shortbow
Armour
 e - a +0 leather armour (worn)
Jewellery
 c - a ring of ice
Wands
 m - a wand of polymorph (3) (quivered)
Scrolls
 b - 2 scrolls of fog
 f - a scroll of fear


   Skills:
 - Level 1.4 Fighting
 + Level 3.9 Long Blades
 - Level 2.1 Bows
 - Level 1.2 Armour
 - Level 1.1 Dodging
 - Level 1.0 Stealth
 - Level 3.6 Unarmed Combat
 - Level 4.8 Evocations


You had 4 spell levels left.
You didn't know any spells.
Your spell library contained the following spells:

 Spells                   Type           Power      Damage    Failure   Level
 Tukima's Dance           Hex            0%         N/A       77%         3
 Passage of Golubria      Tloc           0%         N/A       99%         4
 Yara's Violent Unravell  Hex/Tmut       0%         3d3       100%        5


Dungeon Overview and Level Annotations

Branches:
Dungeon (4/15)              Sewer (1/1)
 Temple: D:4-7

Altars:


Innate Abilities, Weirdness & Mutations

You passively map a small area around you.
You are easily found by Zot.
You glow in the dark.
You regain HP and MP as you explore.


Message History

The ball python bites you. The ball python grabs you.
The ball python constricts you. The river rat bites you.
The ball python bites you but does no damage.
The ball python constricts you.
You slash the ball python!
You kill the ball python!
The river rat bites you but does no damage.
You barely miss the river rat.
The river rat is heavily wounded.
The ball python misses you. The ball python barely misses you.
The river rat bites you. The ball python bites you.
The ball python barely misses you. The river rat barely misses you.
You are too injured to fight recklessly!
You are too injured to fight recklessly!
You are too injured to fight recklessly!
You barely miss the river rat.
The river rat is heavily wounded.
The ball python bites you but does no damage.
The ball python barely misses you. The river rat bites you.
* * * LOW HITPOINT WARNING * * *
You closely miss the ball python. The ball python misses you.
The ball python barely misses you.
The river rat bites you but does no damage.
The ball python bites you but does no damage.
The ball python grabs you. The ball python constricts you.
You hit the ball python.
You kill the ball python!
The river rat bites you.
* * * LOW HITPOINT WARNING * * *
You closely miss the river rat.
The river rat is moderately wounded.
The river rat barely misses you.
You aren't carrying any potions.
Okay, then.
You hit the river rat.
The river rat is heavily wounded.
The river rat bites you!
* * * LOW HITPOINT WARNING * * *
The river rat bites you.
You die...

* * , * * , , * *
################### ,
###.#≈≈≈≈≈≈≈≈≈#†≈≈≈≈#.
##...≈≈≈≈≈≈≈≈..@r≈≈≈≈..
##....≈≈≈≈≈≈≈≈..≈†≈≈≈≈≈.
#.....≈≈≈≈≈≈≈≈.[≈≈≈≈≈≈..
#......≈≈≈≈≈≈≈..≈≈≈≈≈≈≈.
*
#......≈≈≈≈≈≈≈≈≈≈≈≈≈≈≈..
#....###################*
#...#### ...†#..#
....'..#


You could see a river rat.

Vanquished Creatures
  2 river rats (Sewer)
  2 adders (Sewer)
  A dart slug (D:1)
  An orc (D:3)
  4 endoplasms
  3 giant cockroaches (D:3)
  2 goblins
  3 hobgoblins
  3 quokkas
  8 ball pythons
  A bat (D:1)
  3 frilled lizards
  4 kobolds
  18 rats (Sewer)
55 creatures vanquished.

Notes
Turn   | Place    | Note
-------+----------+-------------------------------------------
     0 | D:1      | Armakuni the Meteoran Wanderer began the quest for the Orb.
     0 | D:1      | Armakuni set off with the following items: a +2 shortbow, a
                  | scroll of fog, a wand of polymorph (4), a scroll of fear, a
                  | +0 leather armour
     0 | D:1      | Reached XP level 1. HP: 14/14 MP: 2/2
   231 | D:1      | Reached skill level 1 in Fighting
   231 | D:1      | Reached XP level 2. HP: 22/23 MP: 3/3
   248 | D:1      | Reached skill level 1 in Armour
   248 | D:1      | Reached skill level 1 in Dodging
   822 | D:2      | Reached XP level 3. HP: 26/28 MP: 4/4
   953 | D:3      | Reached skill level 1 in Long Blades
  1008 | D:3      | Found a glowing drain.
  1028 | Sewer    | Entered a sewer
  1071 | Sewer    | Reached XP level 4. HP: 17/35 MP: 5/5
  1149 | Sewer    | Reached XP level 5. HP: 9/40 MP: 6/6
  1206 | Sewer    | HP: 1/40 [river rat (7)]
  1206 | Sewer    | Slain by a river rat

Illustrated notes

Levels and vault maps discovered:
D:1:      minmay_arrival_arboretum_small, layout_basic, serial_bayou_pond_d
D:2:      layout_basic, serial_co_window_serial, co_window_paths_a,
          co_window_paths_a, co_window_corner_a, co_window_corner_a,
          co_window_paths_b, co_window_corner_a, co_window_corner_a,
          co_window_broadway_a, co_window_unsneaky_path_e, co_window_broadway_a,
          co_window_paths_d, glass_columns_b, glass_columns_a,
          ebering_ecumenical_altar_abandoned
D:3:      layout_basic, gup_sewer_entry_pipe, kennysheep_generic_room_8
D:4:      layout_gridville, minmay_temple_entry_drinking_statues,
          minmay_distorted
Sewer:    sewer_minmay_w

Skill      XL: |  1  2  3  4 |
---------------+-------------+-----
Fighting       | 1 |  1.4
Armour         | 1 |  1.2
Dodging        | 1 |  1.1
Long Blades    | 2 3 |  3.9
Bows           | |  2.1
Stealth        | |  1.0
Unarmed Combat | |  3.6
Evocations     | |  4.8

Action                   |  1- 3 |  4- 6 || total
-------------------------+-------+-------++-------
Melee: Long sword        |    51 |    44 ||    95
 Fire: Shortbow          |    28 |       ||    28
Evoke: Wand              |       |     1 ||     1
  Use: Scroll            |     3 |     3 ||     6
       Potion            |       |     3 ||     3
Armor: Leather armour    |    20 |    15 ||    35
Dodge: Dodged            |    43 |    38 ||    81

Table legend: (Time is in decaauts)
 A = Elapsed time spent in this place.
 B = Non-inter-level travel time spent in this place.
 C = Inter-level travel time spent in this place.
 D = Time resting spent in this place.
 E = Time spent auto-exploring this place.
 F = Levels seen in this place.
 G = Mean time per level.
                   A        B        C        D        E       F      G
               +--------+--------+--------+--------+--------+-----+--------+
         Total |   1279 |   1239 |     40 |     46 |    737 |   5 |  255.8 |
       Dungeon |   1059 |   1019 |     40 |     46 |    715 |   4 |  264.8 |
         Sewer |    219 |    219 |      0 |      0 |     22 |   1 |  219.0 |
               +--------+--------+--------+--------+--------+-----+--------+

Top non-repeatable levels by time:
     D:1: 743 daAuts
   Sewer: 219 daAuts
     D:3: 161 daAuts
     D:2: 152 daAuts
     D:4: 1 daAuts
